 Dungeon Sprint DCSS version 0.30-a0-782-ge64f9170bb (webtiles) character file.

Game seed: 14763278857228872232

569 NinjaNoafa the Fighter (level 7, -2/72 HPs)
             Began as a Yellow Draconian Monk on Feb 18, 2023.
             Was a Priest of Wu Jian.
             Slain by a demonic crawler (11 damage)
             ... in the Dungeon (Sprint VII: "The Pits").
             The game lasted 00:05:11 (434 turns).

NinjaNoafa the Fighter (Yellow Draconian Monk)       Turns: 434, Time: 00:05:11

Health: -2/72      AC:  6    Str: 16    XL:     7   Next: 11%
Magic:  7/7        EV: 19    Int: 10    God:    Wu Jian [***...]
Gold:   0          SH:  0    Dex: 13    Spells: 6/6 levels left

rFire   . . .      SeeInvis .      - Unarmed
rCold   . . .      Faith    .    (no shield)
rNeg    . . .      Spirit   .    (body armour unavailable)
rPois   .          Reflect  .    (helmet restricted)
rElec   .          Harm     .    (no cloak)
rCorr   +          Rampage  .    (no gloves)
Will    .....      NoTele   +    (no boots)
Stlth   +                        (no amulet)
HPRegen 0.32/turn                (no ring)
MPRegen 0.10/turn                (no ring)

@: exhausted, in a heavenly storm, on berserk cooldown, slowed, glowing, very
slow
A: spit acid, AC +6, unfitting armour, cold-blooded, acid resistance
a: Breathe Acid, Renounce Religion, Wall Jump, Serpent's Lash


You were in the Dungeon.
You worshipped Wu Jian.
Wu Jian was most pleased with you.
You visited 1 branch

Inventory:

Scrolls
 i - 5 scrolls of amnesia
 k - 2 scrolls of vulnerability
Potions
 a - a potion of ambrosia
 b - 5 potions of curing
 d - a potion of haste
 e - 4 potions of magic
 f - a potion of berserk rage
 h - 2 potions of invisibility


   Skills:
 - Level 10.0 Fighting
 + Level 8.2 Dodging
 - Level 5.0 Stealth
 + Level 9.0 Unarmed Combat


You had 6 spell levels left.
You didn't know any spells.
Your spell library was empty.

Dungeon Overview and Level Annotations

Branches:
Dungeon (1/1)

Altars:
Ashenzari
Cheibriados
Dithmenos
Elyvilon
Fedhas
Gozag
Hepliaklqana
Kikubaaqudgha
Makhleb
Nemelex Xobeh
Okawaru
Qazlal
Ru
Sif Muna
Trog
Uskayaw
Vehumet
Wu Jian
Xom
Yredelemnul
Zin
The Shining One
Jiyva
Lugonu


Innate Abilities, Weirdness & Mutations

You can spit globs of acid.
Your golden yellow scales are hard. (AC +6)
You cannot fit into any form of body armour.
You are cold-blooded and may be slowed by cold attacks.
You are resistant to acid. (rCorr)


Message History

* * * LOW HITPOINT WARNING * * *
The demonic crawler closely misses you. The demonic crawler hits you!
* * * LOW HITPOINT WARNING * * *
You feel a strong urge to attack something.
You see here a +0 whip.
You feel your anger nearly subside.
You are no longer berserk.
You are exhausted.
You feel yourself slow down.
Okay, then.
Okay, then.
You aren't carrying any items that you can evoke.
You feel much better. The demonic crawler misses you.
The demonic crawler completely misses you.
The demonic crawler barely misses you. The demonic crawler misses you.
The demonic crawler hits you but does no damage.
The demonic crawler closely misses you.
You fail to use your ability.
You have got your breath back.
The demonic crawler closely misses you. The demonic crawler hits you.
* * * LOW HITPOINT WARNING * * *
The demonic crawler barely misses you. The demonic crawler misses you.
The demonic crawler hits you.
* * * LOW HITPOINT WARNING * * *
The demonic crawler hits you but does no damage.
The air is filled with shimmering golden clouds!
Sifu Cai Fang says: The storm will not cease as long as you keep fighting, disciple!
You can no longer summon a storm of heavenly clouds.
The demonic crawler is no longer covered in acid.
The demonic crawler misses you. x2; The demonic crawler hits you.
* * * LOW HITPOINT WARNING * * *
The demonic crawler hits you!
* * * LOW HITPOINT WARNING * * *
The demonic crawler barely misses you. The demonic crawler misses you.
The demonic crawler barely misses you. The demonic crawler hits you.
* * * LOW HITPOINT WARNING * * *
The demonic crawler closely misses you.
You feel better.
The demonic crawler completely misses you.
The demonic crawler hits you!
You die...

#.#))#...†.##.......#
#.#))#†....##.......#
#.#[[###'####.......#
#.##'#.....##...<...#
#.#......).##.......#
#.#......†.##.......#
#'###########.......#
#.☼#§#§## #########
#.☼§§@§☼# ##.#☼#s##
#.○☼§☼☼§#+#
##☼#§#§##§+
#.......#'#
##.#.#..'.#
##########


You could see a demonic crawler.

Vanquished Creatures
  A floating eye (D)
  3 ice beasts (D)
  A necrophage (D)
  A scorpion (D)
  A hound (D)
  A quasit (D)
  An adder (D)
  2 orcs (D)
  A bat (D)
  An endoplasm (D)
  A goblin (D)
  A kobold (D)
  A frilled lizard (D)
16 creatures vanquished.

Notes
Turn   | Place    | Note
-------+----------+-------------------------------------------
     0 | D        | NinjaNoafa the Draconian Monk began the quest for the Orb.
     0 | D        | Reached XP level 1. HP: 19/19 MP: 1/1
     9 | D        | Noticed a floating eye
    10 | D        | Paralysed by a floating eye for 4 turns
    21 | D        | Killed a floating eye
    22 | D        | Reached skill level 5 in Fighting
    22 | D        | Reached skill level 5 in Unarmed Combat
    22 | D        | Reached XP level 2. HP: 30/30 MP: 2/2
    22 | D        | Reached XP level 3. HP: 37/37 MP: 3/3
    22 | D        | Reached XP level 4. HP: 44/44 MP: 4/4
    45 | D        | Found a bloodstained altar of Trog.
    45 | D        | Found a shimmering blue altar of Sif Muna.
    45 | D        | Found a viscous altar of Jiyva.
    45 | D        | Found a hazy altar of Hepliaklqana.
    45 | D        | Found an opulent altar of Gozag.
    46 | D        | Found a glowing golden altar of the Shining One.
    46 | D        | Found a glowing silver altar of Zin.
    46 | D        | Found a basalt altar of Yredelemnul.
    46 | D        | Found a shimmering altar of Xom.
    46 | D        | Found an ornate altar of the Wu Jian Council.
    46 | D        | Found a sacrificial altar of Ru.
    46 | D        | Found a stormy altar of Qazlal.
    46 | D        | Found an iron altar of Okawaru.
    46 | D        | Found a sparkling altar of Nemelex Xobeh.
    46 | D        | Found a burning altar of Makhleb.
    46 | D        | Found a blossoming altar of Fedhas.
    46 | D        | Found a white marble altar of Elyvilon.
    46 | D        | Found a shadowy altar of Dithmenos.
    46 | D        | Found a snail-covered altar of Cheibriados.
    47 | D        | Found a radiant altar of Vehumet.
    47 | D        | Found a corrupted altar of Lugonu.
    48 | D        | Found a hide-covered altar of Uskayaw.
    48 | D        | Found an ancient bone altar of Kikubaaqudgha.
    48 | D        | Found a broken altar of Ashenzari.
    54 | D        | Became a worshipper of the Wu Jian Council
    54 | D        | Reached * piety under Wu Jian
    54 | D        | Reached ** piety under Wu Jian
    79 | D        | Reached skill level 6 in Fighting
    79 | D        | Reached skill level 5 in Dodging
    84 | D        | Noticed a scorpion
    92 | D        | Reached *** piety under Wu Jian
   102 | D        | Killed a scorpion
   103 | D        | Reached skill level 7 in Fighting
   103 | D        | Reached skill level 5 in Stealth
   103 | D        | Reached XP level 5. HP: 39/52 MP: 5/5
   149 | D        | Noticed an ice beast
   150 | D        | Noticed an ice beast
   167 | D        | Reached **** piety under Wu Jian
   168 | D        | Reached skill level 8 in Fighting
   183 | D        | Killed an ice beast
   184 | D        | Reached XP level 6. HP: 61/62 MP: 6/6
   188 | D        | Killed an ice beast
   189 | D        | Reached skill level 9 in Fighting
   315 | D        | Noticed an ice beast
   325 | D        | Killed an ice beast
   332 | D        | Reached skill level 10 in Fighting
   332 | D        | Your scales start taking on a golden yellow colour.
   332 | D        | Reached XP level 7. HP: 50/72 MP: 7/7
   332 | D        | Gained mutation: You are resistant to acid. (rCorr) [Yellow
                  | Draconian growth]
   340 | D        | Reached ***** piety under Wu Jian
   418 | D        | Noticed a demonic crawler
   425 | D        | HP: 5/108 [demonic crawler (16)]
   432 | D        | HP: 2/72 [demonic crawler (10)]
   434 | D        | Slain by a demonic crawler

Illustrated notes

Levels and vault maps discovered:
D:        pitsprint [storerooms_1, entrance_room_1, metal_vault_5, armoury_3,
          mini_pit_1, grid_room_1, main_hall_1, silver_pit, the_coven_1,
          the_vestibule_1, steel_vault_1, golden_pit, hallway_of_sentries,
          crystal_vault_2, iron_vault_2, final_vault]

Skill      XL: |  1  2  3  4  5  6  7 |
---------------+----------------------+-----
Fighting       | 5 7 8 10 | 10.0
Dodging        | 4 5 6 8 |  8.2
Stealth        | 4 5 |  5.0
Unarmed Combat | 5 6 7 8 9 |  9.0

Action                     |  1- 3 |  4- 6 |  7- 9 || total
---------------------------+-------+-------+-------++-------
  Melee: Unarmed           |     8 |    73 |    12 ||    93
         Tailslap          |       |     6 |     3 ||     9
         Punch             |       |     3 |       ||     3
 Invoke: Serpent's Lash    |       |     1 |     1 ||     2
         Heavenly Storm    |       |       |     1 ||     1
Ability: Lunge             |       |     9 |       ||     9
         Whirlwind         |       |    13 |     2 ||    15
         Wall Jump         |       |     7 |     3 ||    10
         Breathe Acid      |       |       |     2 ||     2
    Use: Potion            |       |     4 |     5 ||     9
         Scroll            |       |     1 |     1 ||     2
   Stab: Sleeping          |       |     5 |       ||     5
 Armour: Skin              |       |    12 |    11 ||    23
  Dodge: Dodged            |       |    52 |    43 ||    95

Table legend: (Time is in decaauts)
 A = Elapsed time spent in this place.
 B = Non-inter-level travel time spent in this place.
 C = Inter-level travel time spent in this place.
 D = Time resting spent in this place.
 E = Time spent auto-exploring this place.
 F = Levels seen in this place.
 G = Mean time per level.
                   A        B        C        D        E       F      G
               +--------+--------+--------+--------+--------+-----+--------+
         Total |    454 |    421 |     33 |    153 |     44 |   1 |  454.0 |
       Dungeon |    454 |    421 |     33 |    153 |     44 |   1 |  454.0 |
               +--------+--------+--------+--------+--------+-----+--------+

Top non-repeatable levels by time:
       D: 454 daAuts
